 Dungeon Crawl Stone Soup version 0.30-a0-760-g5a9884bb7c (webtiles) character file.

Game seed: 9284506990557128020

411 kae the Digger (level 6, -3/32 HPs)
             Began as a Gargoyle Earth Elementalist on Feb 10, 2023.
             Killed from afar by an orc wizard (9 damage)
             ... with a magic dart
             ... on level 3 of the Dungeon.
             The game lasted 00:02:44 (3397 turns).

kae the Digger (Gargoyle Earth Elementalist)        Turns: 3397, Time: 00:02:45

Health: -3/32      AC:  7    Str: 11    XL:     6   Next: 90%
Magic:  11/11      EV: 11    Int: 18    God:
Gold:   194        SH:  0    Dex: 10    Spells: 2/12 levels left

rFire   . . .      SeeInvis .    o - +1 mace (heavy)
rCold   . . .      Faith    .    (no shield)
rNeg    + . .      Spirit   .    a - +1 robe
rPois   ∞          Reflect  .    (no helmet)
rElec   +          Harm     .    (no cloak)
rCorr   .          Rampage  .    (no gloves)
Will    .....                    (no boots)
Stlth   ++                       (no amulet)
HPRegen 0.25/turn                (no ring)
MPRegen 0.12/turn                (no ring)

@: no status effects
A: sickness immunity, AC +4, negative energy resistance 1, electricity
resistance, torment resistance 1, petrification resistance
a: no special abilities


You were on level 3 of the Dungeon.
You visited 1 branch of the dungeon, and saw 4 of its levels.

You collected 194 gold pieces.


Innate Abilities, Weirdness & Mutations

You are immune to sickness and miasma.
Your stone body is resilient. (AC +4)
You are immune to poison.
You resist negative energy. (rN+)
You are resistant to electric shocks. (rElec)
You are resistant to unholy torment.
You are immune to petrification.


   Skills:
 - Level 1.5 Dodging
 - Level 2.1 Stealth
 + Level 3.9 Spellcasting
 * Level 4.5 Conjurations
 - Level 0.7 Transmutations
 + Level 5.7 Earth Magic


You had 2 spell levels left.
You knew the following spells:

 Your Spells              Type           Power      Damage    Failure   Level
a - Sandblast             Erth           48%        2d12      1%          1
b - Stone Arrow           Conj/Erth      44%        3d9       5%          3
c - Passwall              Tmut/Erth      12%        N/A       6%          2
d - Petrify               Tmut/Erth      15%        N/A       36%         4

Your spell library contained the following spells:

 Spells                   Type           Power      Damage    Failure   Level
 Apportation              Tloc           6%         N/A       16%         1
 Borgnjor's Vile Clutch   Necr/Erth      6%         N/A       77%         5
 Animate Dead             Necr           3%         N/A       83%         4
 Alistair's Intoxication  Tmut/Pois      2%         N/A       98%         5
 Death Channel            Necr           1%         N/A       100%        6

Inventory:

Hand Weapons
 o - a +1 heavy mace (weapon)
   (You took it off a kobold on level 3 of the Dungeon)
Missiles
 c - 22 stones
 g - 8 poisoned darts
 j - 5 javelins
 p - 2 throwing nets {=f!f}
Armour
 a - a +1 robe (worn)
Jewellery
 C - a ring of ice
   (You found it on level 1 of the Dungeon)
 F - a ring of fire
   (You took it off a kobold on level 3 of the Dungeon)
Wands
 f - a wand of paralysis (6)
   (You took it off Ijyb on level 2 of the Dungeon)
 q - a wand of acid (9)
   (You found it on level 4 of the Dungeon)
Scrolls
 h - 2 scrolls of immolation {unknown}
 i - 2 scrolls of enchant armour
 l - 2 scrolls of identify {@r1}
 m - a scroll of blinking {!r}
 n - 2 scrolls of teleportation {@r4}
Potions
 b - a potion of magic
 d - 2 potions of curing {@q1}
 e - a potion of lignification {!q}
 k - a potion of might {unknown}

Dungeon Overview and Level Annotations

Branches:
Dungeon (4/15) Zot: 20469
 Temple: D:4-7

Altars:
Fedhas

........# #.# #.#
#####...######.###
#.# #
#....†.........#
#.# #
#.############.#
#.# # #.# #.# #.#
# #.# #.# #.#
###.# #.# #.#
....# #>#######.#
##### #@{....>..#
###########


There were no monsters in sight!


Message History

The puff of flame misses you.
You barely miss something.
Something hits you but does no damage. x2 😮 HP[+1] MP[+1]
Your mp is fully restored (11).
Unknown command.
You closely miss something.
You hear some strange, mumbled words.
A puff of flame appears from out of thin air!
The puff of flame hits you but does no damage.
You hear some strange, mumbled words.
You are more confused.
Something hits you but does no damage.
You barely miss something. Something hits you but does no damage.
Something hits you. 😮 HP[-2]
You take 2 damage, and now have 18/32 hp.
You bump into the rock wall.
Something hits you but does no damage.
Unknown command.
You miss something. Something hits you but does no damage.
Something hits you. 😮 HP[-1]
You take 1 damage, and now have 17/32 hp.
Something hits you but does no damage. 😮 HP[+1] Unknown command.
You bump into the rock wall.
Something hits you but does no damage.
You bump into the rock wall.
You hear some strange, mumbled words.
You are more confused.
You miss something.
You hear some strange, mumbled words.
A magic dart appears from out of thin air!
The magic dart hits you!
* * * LOW HITPOINT WARNING * * *
You hear some strange, mumbled words.
You are more confused.
You're too confused to move!
Something hits you.
* * * LOW HITPOINT WARNING * * *
😱 HP[-10]
You take 10 damage, and now have 8/32 hp.
MASSIVE DAMAGE!! (PAUSE)
You bump into the rock wall.
Something hits you but does no damage.
Unknown command.
Something hits you but does no damage.
There is a stone staircase leading down here.
Unknown command.
You bump into the rock wall.
An orc wizard appears from thin air!
Reactivating autopickup.
The orc wizard gestures wildly while chanting.
The orc wizard flickers and vanishes!
Deactivating autopickup; reactivate with Ctrl-A. 😨 HP[+1] Unknown command.
You completely miss something.
Something hits you but does no damage. x2
Unknown command.
You bump into the rock wall.
Something hits you but does no damage.
Unknown command.
You bump into the rock wall.
You hear some strange, mumbled words.
A magic dart appears from out of thin air!
The magic dart hits you but does no damage. 😨 HP[+1] Unknown command.
Something hits you but does no damage.
Unknown command.
You bump into the rock wall.
You hear some strange, mumbled words.
A magic dart appears from out of thin air!
The magic dart hits you!
* * * LOW HITPOINT WARNING * * *
😱 HP[-9]
You take 9 damage, and now have 1/32 hp.
MASSIVE DAMAGE!! (PAUSE)
You feel better.
You hear some strange, mumbled words.
You are confused. 😨 HP[+10]
You regained 10 hp, and now have 11/32 hp.
You're too confused to cast spells.
You're too confused to cast spells.
Unknown command.
Unknown command.
You closely miss something.
Something hits you but does no damage. x2 😨 HP[+1]
You miss something. Something hits you.
* * * LOW HITPOINT WARNING * * *
Something hits you.
* * * LOW HITPOINT WARNING * * *
😱 HP[-4]
You take 4 damage, and now have 8/32 hp.
Unknown command.
You bump into the rock wall.
Something hits you but does no damage.
You barely miss something.
You feel less confused. Something hits you.
* * * LOW HITPOINT WARNING * * *
You hear some strange, mumbled words.
A magic dart appears from out of thin air!
The magic dart hits you!
You die...

Skill      XL: |  1  2  3  4  5  6 |
---------------+-------------------+-----
Earth Magic    | 4 5 |  5.7
Conjurations   | 1 2 3 4 |  4.5
Spellcasting   | 3 |  3.9
Dodging        | |  1.5
Stealth        | |  2.1
Transmutations | |  0.7

Action                     |  1- 3 |  4- 6 || total
---------------------------+-------+-------++-------
  Melee: Unarmed           |       |     5 ||     5
         Mace              |       |    22 ||    22
   Cast: Sandblast         |    50 |    86 ||   136
    Use: Scroll            |     3 |     5 ||     8
         Potion            |       |     1 ||     1
 Armour: Robe              |     5 |    45 ||    50
  Dodge: Dodged            |     9 |    29 ||    38

Levels and vault maps discovered:
D:1:      nagdon_arrival_double_spiral, layout_basic
D:2:      layout_basic
D:3:      layout_loops_ring, fedhas_altar_3, dreamdust_princess_corridor,
          uniq_ijyb
D:4:      layout_loops_ring, uniq_grinder

Notes
Turn   | Place    | Note
-------+----------+-------------------------------------------
     0 | D:1      | kae the Gargoyle Earth Elementalist began the quest for the
                  | Orb.
     0 | D:1      | Reached XP level 1. HP: 10/10 MP: 3/3
     0 | D:1      | magus.rc [v1.11.3]
   191 | D:1      | Reached skill level 4 in Earth Magic
   191 | D:1      | Reached XP level 2. HP: 15/15 MP: 3/5
   370 | D:1      | Reached XP level 3. HP: 19/19 MP: 4/7
   374 | D:1      | Learned a level 3 spell: Stone Arrow
   377 | D:1      | Learned a level 2 spell: Passwall
   986 | D:2      | Reached skill level 1 in Conjurations
  1234 | D:2      | Reached XP level 4. HP: 24/24 MP: 3/8
  1594 | D:2      | Reached skill level 3 in Spellcasting
  1795 | D:3      | Noticed Ijyb
  1798 | D:2      | Paralysed by Ijyb for 2 turns
  1803 | D:2      | Paralysed by Ijyb for 3 turns
  1808 | D:2      | Paralysed by Ijyb for 4 turns
  1813 | D:2      | Killed Ijyb
  1814 | D:2      | Reached skill level 2 in Conjurations
  2150 | D:3      | Found a blossoming altar of Fedhas.
  2162 | D:3      | Reached XP level 5. HP: 28/28 MP: 6/9
  2645 | D:3      | Learned a level 4 spell: Petrify
  2710 | D:4      | Reached skill level 3 in Conjurations
  2710 | D:4      | Reached skill level 5 in Earth Magic
  2888 | D:4      | Reached XP level 6. HP: 32/32 MP: 6/11
  2943 | D:4      | You pick up a book of Party Tricks and begin reading...
  2943 | D:4      | You add the spells Apportation and Alistair's Intoxication
                  | to your library.
  2997 | D:4      | You pick up a book of Unlife and begin reading...
  2997 | D:4      | You add the spells Animate Dead, Borgnjor's Vile Clutch and
                  | Death Channel to your library.
  3171 | D:4      | Reached skill level 4 in Conjurations
  3384 | D:3      | HP: 8/32 [something (4)]
  3392 | D:3      | HP: 1/32 [something/magic dart (9)]
  3397 | D:3      | HP: 6/32 [something (2)]
  3397 | D:3      | Killed from afar by an orc wizard

Vanquished Creatures
  An ogre (D:4)
  A necrophage (D:4)
  2 hounds (D:4)
  A jelly (D:4)
  Ijyb (D:2)
  An orc wizard (D:4)
  A gnoll (D:1)
  3 adders
  An ufetubus (D:4)
  5 worms
  A dart slug (D:4)
  3 orcs (D:4)
  3 ball pythons
  4 endoplasms
  3 giant cockroaches
  7 goblins
  9 hobgoblins
  5 jackals
  4 kobolds
  3 quokkas
  5 bats
  5 frilled lizards
  9 rats
78 creatures vanquished.

Vanquished Creatures (others)
  2 fungi (D:3)
  A plant (D:3)
  7 toadstools (D:1)
10 creatures vanquished.

Grand Total: 88 creatures vanquished

Table legend:
 A = Non-vault XP
 B = Vault XP
 C = Vault XP percentage of total XP
 D = Non-vault monster count
 E = Vault monster count
 F = Vault count percentage of total count
                 A         B        C        D         E       F
            +---------+---------+-------+---------+---------+-------
      Total |     550 |      38 |   6.5 |      77 |       1 |   1.3
            +---------+---------+-------+---------+---------+-------
        D:1 |      47 |       0 |   0.0 |      22 |       0 |   0.0
        D:2 |      57 |      38 |  40.0 |      19 |       1 |   5.0
        D:3 |      32 |       0 |   0.0 |      14 |       0 |   0.0
        D:4 |     414 |       0 |   0.0 |      22 |       0 |   0.0
            +---------+---------+-------+---------+---------+-------

Illustrated notes

Table legend:
 A = Kills in this place as a percentage of kills in entire the game.
 B = Kills by you in this place as a percentage of kills by you in the entire game.
 C = Kills by friends in this place as a percentage of kills by friends in the entire game.
 D = Other kills in this place as a percentage of other kills in the entire game.
 E = Experience gained in this place as a percentage of experience gained in the entire game.
 F = Experience gained in this place divided by the number of levels of this place that you have seen.
                   A       B       C       D       E      F
               +-------+-------+-------+-------+-------+----------------------
         Total | 100.0 | 100.0 |   N/A |   N/A | 100.0 | 147.0
       Dungeon | 100.0 | 100.0 |   N/A |   N/A | 100.0 | 147.0
               +-------+-------+-------+-------+-------+----------------------

Table legend: (Time is in decaauts)
 A = Elapsed time spent in this place.
 B = Non-inter-level travel time spent in this place.
 C = Inter-level travel time spent in this place.
 D = Time resting spent in this place.
 E = Time spent auto-exploring this place.
 F = Levels seen in this place.
 G = Mean time per level.
                   A        B        C        D        E       F      G
               +--------+--------+--------+--------+--------+-----+--------+
         Total |   3528 |   3445 |     83 |     50 |   2874 |   4 |  882.0 |
       Dungeon |   3528 |   3445 |     83 |     50 |   2874 |   4 |  882.0 |
               +--------+--------+--------+--------+--------+-----+--------+

Top non-repeatable levels by time:
     D:2: 1096 daAuts
     D:3: 917 daAuts
     D:1: 860 daAuts
     D:4: 653 daAuts
